 Dungeon Crawl Stone Soup version 0.28-a0-95-g65e1ffefe4 (webtiles) character file.

Game seed: 12548606461165735526

16 pokeman the Magician (level 2, 0/16 HPs)
             Began as a Deep Elf Hedge Wizard on Aug 8, 2021.
             Slain by a gnoll (4 damage)
             ... on level 3 of the Dungeon.
             The game lasted 00:02:19 (1318 turns).

pokeman the Magician (Deep Elf Hedge Wizard)        Turns: 1318, Time: 00:02:20

Health: 0/16       AC:  2    Str:  7    XL:     2   Next: 41%
Magic:  8/9        EV: 12    Int: 18    God:
Gold:   52         SH:  0    Dex: 14    Spells: 9/10 levels left

rFire   . . .      SeeInvis .   d - +0 dagger (vamp)
rCold   . . .      Faith    .   (no shield)
rNeg    . . .      Spirit   .   b - +0 robe
rPois   .          Reflect  .   c - +0 hat
rElec   .          Harm     .   (no cloak)
rCorr   .          Rampage  .   (no gloves)
Will    .....                   (no boots)
Stlth   ++........              (no amulet)
HPRegen 0.05/turn               (no ring)
MPRegen 0.11/turn               (no ring)

@: no status effects
A: no striking features
a: no special abilities


You were on level 3 of the Dungeon.
You visited 1 branch of the dungeon, and saw 4 of its levels.

You collected 52 gold pieces.

Inventory:

Hand Weapons
 d - a +0 vampiric dagger (weapon)
Missiles
 a - 19 arrows
Armour
 b - a +0 robe (worn)
 c - a +0 hat (worn)
Magical Staves
 f - a staff of cold
Wands
 e - a wand of mindburst (16)
Scrolls
 g - a scroll of identify {unknown}


   Skills:
 + Level 0.5 Fighting
 + Level 0.5 Armour
 - Level 2.4 Dodging
 - Level 2.4 Stealth
 * Level 4.8 Spellcasting
 + Level 1.5 Conjurations
 - Level 1.1 Summonings
 - Level 1.1 Translocations


You had 9 spell levels left.
You knew the following spells:

 Your Spells              Type           Power      Damage    Failure   Level
a - Magic Dart            Conj           36%        1d4       8%          1

Your spell library contained the following spells:

 Spells                   Type           Power      Damage    Failure   Level
 Blink                    Tloc           N/A        N/A       13%         2
 Call Imp                 Summ           8%         N/A       13%         2
 Slow                     Hex            4%         N/A       21%         2
 Gell's Gravitas          Tloc           4%         N/A       26%         3
 Teleport Other           Tloc           8%         N/A       26%         3
 Conjure Flame            Conj/Fire      7%         6-21      30%         3
 Mephitic Cloud           Conj/Pois/Air  6%         N/A       32%         3
 Dispersal                Tloc           4%         N/A       100%        6


Dungeon Overview and Level Annotations

Branches:
Dungeon (4/15)
 Temple: D:4-7

Altars:


Message History

5 gnolls and a gnoll shaman come into view.
Found a robe.
Unknown command.
You close the door.
A gnoll opens the door.
There is an open door here.
You close the door.
A gnoll opens the door.
There is an open door here.
You close the door.
A gnoll opens the door.
There is an open door here.
There is an open door here.
Found a There-And-Back Book and a tubular sapphire ring.
Found an escape hatch in the ceiling.
Found a stone staircase leading down.
There is an escape hatch in the ceiling here.
You see here a There-And-Back Book.
You pick up a There-And-Back Book and begin reading...
You add the spells Gell's Gravitas, Teleport Other and Dispersal to your library.
The gnoll hits you from afar with a +0 spear.
The gnoll misses you.
There is an escape hatch in the ceiling here.
The gnoll barely misses you. The gnoll misses you.
A mysterious force pulls you upwards. The hatch slams shut behind you.
Casting: Magic Dart (safe; 8% risk of failure)
Confirm with . or Enter, or press ? or * to list all spells.
You don't know that spell.
Unknown command.
Casting: Magic Dart (safe; 8% risk of failure)
Confirm with . or Enter, or press ? or * to list all spells.
Aiming: Magic Dart (safe; 8% risk of failure)
Press: ? - help, Shift-Dir - straight line, f - gnoll
Aim: a gnoll, wielding a +0 flail (100% to hit)
The magic dart hits the gnoll but does no damage.
The gnoll hits you with a +0 flail!
Ouch! That really hurt!
* * * LOW HITPOINT WARNING * * *
You hit the gnoll but do no damage. The gnoll hits you with a +0 flail.
You die...

..# ...
#.# ..#
#.## #..
#######.#
......g@#
#######.#
###


You could see a gnoll.

Vanquished Creatures
  2 bats
  An endoplasm (D:1)
  A giant cockroach (D:4)
  2 goblins
  2 hobgoblins
  A ball python (D:1)
  3 kobolds
  4 rats (D:1)
16 creatures vanquished.

Notes
Turn   | Place    | Note
-------+----------+-------------------------------------------
     0 | D:1      | pokeman the Deep Elf Hedge Wizard began the quest for the
                  | Orb.
     0 | D:1      | Reached XP level 1. HP: 10/10 MP: 7/7
   195 | D:1      | Found a faded altar of an unknown god.
   399 | D:1      | Reached XP level 2. HP: 15/16 MP: 1/9
  1052 | D:2      | You fall into a shaft and drop 2 floors!
  1318 | D:3      | Slain by a gnoll

Illustrated notes

Levels and vault maps discovered:
D:1:      sevenhm_arrival_forest_fort_large_4, layout_rooms,
          dreamdust_ecumenical_altar_statues, dk_noncrumbling_3,
          kennysheep_flooded_box
D:2:      layout_basic, serial_park_tiny_1
D:3:      layout_basic, general_overflow_altar, roderic_serpentine_path
D:4:      layout_basic, corexii_checkpoint_b, uniq_eustachio

Action                   || total
-------------------------++-------
Melee: Dagger            ||     1
 Cast: Magic Dart        ||    43
Armor: Robe              ||     1
Dodge: Dodged            ||     7

Table legend: (Time is in decaauts)
 A = Elapsed time spent in this place.
 B = Non-inter-level travel time spent in this place.
 C = Inter-level travel time spent in this place.
 D = Time resting spent in this place.
 E = Time spent auto-exploring this place.
 F = Levels seen in this place.
 G = Mean time per level.
                   A        B        C        D        E       F      G
               +--------+--------+--------+--------+--------+-----+--------+
         Total |   1316 |   1248 |     68 |     16 |   1052 |   4 |  329.0 |
       Dungeon |   1316 |   1248 |     68 |     16 |   1052 |   4 |  329.0 |
               +--------+--------+--------+--------+--------+-----+--------+

Top non-repeatable levels by time:
     D:1: 876 daAuts
     D:4: 263 daAuts
     D:2: 174 daAuts
     D:3: 1 daAuts
